 Dungeon Crawl Stone Soup version 0.30-a0-1161-g0704695555 (webtiles) character file.

Game seed: 10147343209005478659

175934 Arzdou the Thaumaturge (level 18, -26/105 HPs)
             Began as a Gargoyle Ice Elementalist on Apr 26, 2023.
             Was a High Priest of Ashenzari.
             Killed from afar by Roxanne (72 damage)
             ... with a crystal spear
             ... on level 3 of the Spider Nest on Apr 27, 2023.
             The game lasted 02:37:48 (41415 turns).

Arzdou the Thaumaturge (Gargoyle Ice Elementalist) Turns: 41415, Time: 02:37:48

Health: -26/105    AC: 38    Str: 12    XL:     18   Next: 11%
Magic:  39/41      EV: 13    Int: 22    God:    Ashenzari [*****.]
Gold:   839        SH: 17    Dex: 18    Spells: 12/56 levels left

rFire   + . .        D - +4 flail of Supernal Wisdom {Fort, Elem} (curse)
rCold   + + .        W - +5 Storm Queen's Shield {shock, Fly rElec, Elem, Fort} (curse)
rNeg    + + .        R - +4 skin of Zhor {*Englaciate rC+++ SInv, Elem, Alch} (curse)
rPois   ∞            V - +1 helmet "Sibylline Seeker" {Fort, Self} (curse)
rElec   +            l - +0 cloak "Ruined Gnosis" {Fort, Self} (curse)
rCorr   .            I - +1 pair of gloves
SInv    +            T - +0 pair of boots of Supernal Knowledge {Alch, Self} (curse)
Will    +....        U - amulet "Shackled Together" {RegenMP, Fort, Self} (curse)
Stlth   +++          X - ring "Kubu" {Fire Dex+3}
HPRegen 0.37/turn    v - ring of Supernal Gnosis {Wiz rN+ Str-2 Dex+5, Comp, Evo} (curse)
MPRegen 0.67/turn

%: clarity, wizardry (x1)
@: mighty, ice-armoured, flying
A: sickness immunity, AC +13, big wings, negative energy resistance 1,
electricity resistance, torment resistance 1, petrification resistance
a: Renounce Religion, Shatter the Chains


You were on level 3 of the Spider Nest.
You worshipped Ashenzari.
Ashenzari was extremely pleased with you.
You visited 6 branches of the dungeon, and saw 30 of its levels.
You also visited: Sewer and Bailey.

You collected 2688 gold pieces.
You spent 1849 gold pieces at shops.

Inventory:

Hand Weapons
 f - a +1 whip
 D - the cursed +4 flail of Supernal Wisdom (weapon) {Fort, Elem}
   (You took it off a wight on level 5 of the Dungeon)

   It has a curse which improves the following skills: Fortitude: Armour and
   Shields.
   Elements:  Fire Magic, Ice Magic, Air Magic and Earth Magic.
Missiles
 m - 2 throwing nets
Armour
 l - the cursed +0 cloak "Ruined Gnosis" (worn) {Fort, Self}
   (You found it on level 7 of the Dungeon)

   It has a curse which improves the following skills: Fortitude: Armour and
   Shields.
   Introspection: Fighting and Spellcasting.
 I - a +1 pair of gloves (worn)
 R - the cursed +4 skin of Zhor (worn) {*Englaciate rC+++ SInv, Elem, Alch}
   (You found it on level 5 of the Lair of Beasts)

   *Englaciate: It radiates cold, occasionally slowing all nearby creatures who
   are not resistant to cold.
   rC:        It renders you almost immune to cold.
   SInv:      It lets you see invisible.
   It has a curse which improves the following skills: Elements: Fire Magic, Ice
   Magic, Air Magic and Earth Magic.
   Alchemy:   Poison Magic and Transmutations.
 T - the cursed +0 pair of boots of Supernal Knowledge (worn) {Alch, Self}
   (You bought it in a shop on level 2 of the Orcish Mines)

   It has a curse which improves the following skills: Alchemy: Poison Magic and
   Transmutations.
   Introspection: Fighting and Spellcasting.
 V - the cursed +1 helmet "Sibylline Seeker" (worn) {Fort, Self}
   (You found it on level 1 of the Lair of Beasts)

   It has a curse which improves the following skills: Fortitude: Armour and
   Shields.
   Introspection: Fighting and Spellcasting.
 W - the cursed +5 Storm Queen's Shield (worn) {shock, Fly rElec, Elem, Fort}
   (You took it off an orc on level 2 of the Orcish Mines)

   Shock:     When it blocks an attack, it may electrocute the attacker.
   This works even against foes who are a short distance away.
   rElec:     It insulates you from electricity.
   Fly:       It grants you flight.
   It has a curse which improves the following skills: Elements: Fire Magic, Ice
   Magic, Air Magic and Earth Magic.
   Fortitude: Armour and Shields.
Jewellery
 v - the cursed ring of Supernal Gnosis (right hand) {Wiz rN+ Str-2 Dex+5, Comp, Evo}
   (You bought it in a shop on level 10 of the Dungeon)

   [ring of wizardry]

   It improves your spell success rate.
   Str:       It affects your strength (-2).
   Dex:       It affects your dexterity (+5).
   rN:        It protects you from negative energy.
   It has a curse which improves the following skills: Companions: Summonings
   and Necromancy.
   Evocations: Evocations.
 U - the cursed amulet "Shackled Together" (around neck) {RegenMP, Fort, Self}
   (You found it on level 1 of the Lair of Beasts)

   [amulet of magic regeneration]

   It increases your rate of magic regeneration.
   It has a curse which improves the following skills: Fortitude: Armour and
   Shields.
   Introspection: Fighting and Spellcasting.
 X - the ring "Kubu" (left hand) {Fire Dex+3}
   (You took it off an orc on level 2 of the Orcish Mines)

   [ring of fire]

   It enhances your fire magic.
   Dex:       It affects your dexterity (+3).
   rF:        It protects you from fire.
   rC:        It makes you vulnerable to cold.
 Z - a ring of resist corrosion
Wands
 j - a wand of polymorph (8)
 q - a wand of iceblast (29)
 u - a wand of charming (14)
 z - a wand of acid (17)
 A - a wand of flame (67)
 S - a wand of mindburst (20)
 Y - a wand of digging (3)
Scrolls
 i - 3 scrolls of amnesia
 n - 5 scrolls of enchant weapon
 o - 5 scrolls of vulnerability
 s - 6 scrolls of fog
 t - a scroll of summoning
 x - 14 scrolls of teleportation
 C - 3 scrolls of blinking
 M - 6 scrolls of magic mapping
 P - 3 scrolls of brand weapon
 Q - 4 scrolls of enchant armour
Potions
 a - 5 potions of invisibility
 b - 2 potions of magic
 c - 5 potions of mutation
 d - 12 potions of curing
 e - 5 potions of lignification
 g - 9 potions of haste
 h - 4 potions of cancellation
 k - 6 potions of flight
 p - 10 potions of ambrosia
 r - 3 potions of heal wounds
 w - 7 potions of attraction
 E - 2 potions of brilliance
 K - 6 potions of might
 L - 3 potions of resistance
 N - 4 potions of berserk rage
Miscellaneous
 F - a piece from Xom's chessboard (15/15)


   Skills:
 + Level 4.6(9.2) Fighting
 + Level 10.4 Maces & Flails
 + Level 2.8(7.3) Armour
 + Level 5.5 Dodging
 + Level 4.5 Stealth
 + Level 4.2(9.4) Shields
 + Level 14.8(19.8) Spellcasting
 + Level 9.6 Conjurations
 * Level 10.1(12.2) Summonings
 + Level 5.9(9.1) Transmutations
 + Level 7.7(11.9) Fire Magic
 * Level 11.2(15.4) Ice Magic
 + Level 5.8(9.9) Air Magic
 + Level 13.3(16.4) Poison Magic


You had 12 spell levels left.
You knew the following spells:

 Your Spells              Type           Power      Damage    Failure   Level
a - Freeze                Ice            100%       1d10      0%          1
b - Frozen Ramparts       Ice            100%       1d16      1%          3
c - Ozocubu's Armour      Ice            74%        N/A       1%          3
d - Poisonous Vapours     Pois/Air       100%       N/A       1%          2
e - Ignite Poison         Fire/Tmut/Pois 86%        N/A       1%          3
f - Summon Ice Beast      Ice/Summ       70%        N/A       1%          4
g - Olgreb's Toxic Radia  Pois           76%        N/A       1%          4
h - Freezing Cloud        Conj/Ice/Air   32%        6-21      1%          5
i - Starburst             Conj/Fire      40%        6d12      4%          6
j - Eringya's Noxious Bo  Tmut/Pois      33%        N/A       1%          6
k - Ozocubu's Refrigerat  Ice            37%        4d15      3%          7

Your spell library contained the following spells:

 Spells                   Type           Power      Damage    Failure   Level
 Sandblast                Erth           48%        2d12      1%          1
 Sting                    Tmut/Pois      100%       1d8       1%          1
 Passwall                 Tmut/Erth      35%        N/A       1%          2
 Dazzling Flash           Conj/Hex       84%        N/A       1%          3
 Hailstorm                Conj/Ice       67%        3d14      1%          3
 Stone Arrow              Conj/Erth      88%        3d12      1%          3
 Summon Guardian Golem    Hex/Summ       48%        N/A       1%          3
 Volatile Blastmotes      Fire/Tloc      100%       2d18      1%          3
 Ice Form                 Ice/Tmut       66%        N/A       1%          4
 Blade Hands              Tmut           29%        N/A       1%          5
 Irradiate                Conj/Tmut      29%        3d21      1%          5
 Iskenderun's Battlesphe  Conj           59%        2d11      1%          5
 Lesser Beckoning         Tloc           42%        N/A       3%          2
 Iskenderun's Mystic Bla  Conj/Tloc      42%        2d10      3%          4
 Petrify                  Tmut/Erth      43%        N/A       3%          4
 Summon Forest            Summ/Tloc      24%        N/A       5%          5
 Gell's Gravitas          Tloc           21%        N/A       8%          3
 Portal Projectile        Hex/Tloc       42%        N/A       8%          3
 Teleport Other           Tloc           21%        N/A       8%          3
 Tukima's Dance           Hex            21%        N/A       8%          3
 Silence                  Hex/Air        21%        N/A       9%          5
 Yara's Violent Unravell  Hex/Tmut       20%        3d9       11%         5
 Summon Hydra             Summ           33%        N/A       13%         7
 Simulacrum               Ice/Necr       27%        N/A       16%         6
 Animate Dead             Necr           22%        N/A       21%         4
 Spellforged Servitor     Conj/Summ      31%        N/A       22%         7
 Passage of Golubria      Tloc           21%        N/A       24%         4
 Orb of Destruction       Conj           29%        9d9       36%         7
 Iron Shot                Conj/Erth      22%        9d5       41%         6
 Borgnjor's Vile Clutch   Necr/Erth      11%        N/A       45%         5
 Agony                    Necr           22%        N/A       50%         5
 Death Channel            Necr           11%        N/A       96%         6
 Polar Vortex             Ice            37%        N/A       98%         9
 Borgnjor's Revivificati  Necr           11%        N/A       100%        8
 Necromutation            Tmut/Necr      21%        N/A       100%        8
 Death's Door             Necr           11%        N/A       100%        9
 Cigotuvi's Dreadful Rot  Necr/Pois/Air  Unusable   N/A       N/A         2
 Sublimation of Blood     Necr           Unusable   N/A       N/A         2

Dungeon Overview and Level Annotations

Branches:
Dungeon (15/15)            Temple (1/1) D:4            Lair (5/5) D:9
 Shoals (4/4) Lair:2       Spider (3/4) Lair:2        Slime (0/5) Lair:5
    Orc (2/2) D:12            Elf (0/3) Orc:2        Vaults (0/5) D:13
 Depths (0/4) D:15          Sewer (visited)          Bailey (visited)

Altars:
Ashenzari
Cheibriados
Dithmenos
Elyvilon
Fedhas
Gozag
Hepliaklqana
Kikubaaqudgha
Makhleb
Nemelex Xobeh
Okawaru
Qazlal
Ru
Sif Muna
Trog
Uskayaw
Vehumet
Wu Jian
Xom
Yredelemnul
Zin
The Shining One
Jiyva
Lugonu

Shops:
D:10 =   D:14 (   Orc:2 ([=(   Shoals:2 :   Shoals:3 [

Portals:
Abyss: Orc:1 Lair:5

Annotations:
D:7 2 transporters
D:11 1 runed translucent door, qborf's ghost, journeyman MiFi
Lair:2 exclusion: ice statue
Shoals:1 1 runed translucent door, Yjinump's ghost, journeyman MfMo
Spider:3 Roxanne


Innate Abilities, Weirdness & Mutations

You are immune to sickness and miasma.
Your stone body is resilient. (AC +13)
You are immune to poison.
Your large and strong wings let you fly.
You resist negative energy. (rN+)
You are resistant to electric shocks. (rElec)
You are resistant to unholy torment.
You are immune to petrification.


Message History

The iron shot hits you!!
You radiate an aura of cold.
Roxanne is unaffected.
Your ice beast is unaffected.
Roxanne mumbles some strange words.
You blink.
Your icy armour cracks and falls away as you move.
Your ice beast hits Roxanne.
Your ice beast freezes Roxanne.
Roxanne resists.
Roxanne casts a spell.
The iron shot hits you!!
Your ice beast hits Roxanne but does no damage.
You radiate an aura of cold.
Your ice beast is unaffected.
Roxanne is unaffected.
Your ice beast hits Roxanne.
Your ice beast freezes Roxanne.
Roxanne resists.
Your ice beast hits Roxanne but does no damage.
Casting: Summon Ice Beast (safe; 1% risk of failure)
Confirm with . or Enter, or press ? or * to list all spells.
A film of ice covers your body!
Your ice beast hits Roxanne but does no damage.
Roxanne casts a spell.
The crystal spear hits your ice beast!!!
Your ice beast dies!
Your ice beast disappears in a puff of smoke!
Casting: Ozocubu's Armour (safe; 1% risk of failure)
Confirm with . or Enter, or press ? or * to list all spells.
A chill wind blows around you.
You radiate an aura of cold.
Roxanne is unaffected.
Your ice beast is unaffected.
You feel very mighty all of a sudden.
You thump Roxanne!
Roxanne is heavily damaged.
Roxanne casts a spell.
The bolt of magma misses you.
Your ice beast hits Roxanne but does no damage.
You hit Roxanne.
Roxanne is severely damaged.
Roxanne casts a spell.
The crystal spear hits you!!!!
Ouch! That really hurt!
You die...

##### ....### ###
......#####.########
...^...#.....##...!##
.####?......##..@8..#
.# #.....^.†....Y...#
.# ##...##.....^....#
.###^...#......######
(.###...#.....##
.^#######..#..#
.##....########
##......#....#
##........#..##


You could see Roxanne (ally target) and a friendly ice beast (summoned).

Vanquished Creatures
  Jorgrun (Spider:1)
  A titan (Shoals:3)
  Gastronok (Orc:1)
  A kraken (Shoals:3)
  A frost giant (Shoals:3)
  A ghost moth (Lair:2)
  4 emperor scorpions
  2 orc warlords (Orc:2)
  2 broodmothers (Spider:1)
  2 stone giants (Shoals:3)
  5 spark wasps
  A merfolk javelineer (Shoals:4)
  An ettin (D:15)
  2 merfolk impalers
  Fannar (D:12)
  2 hydras
  A catoblepas (D:14)
  2 death knights
  A jorogumo (Spider:2)
  3 merfolk avatars
  4 boulder beetles
  9 two-headed ogres
  2 ogre magi
  3 radroaches
  6 centaur warriors
  Urug (Orc:1)
  A two-headed ogre (shapeshifter) (Lair:5)
  A death yak (Lair:3)
  A satyr (Shoals:4)
  2 orc high priests
  A tengu warrior (D:15)
  Sonja (Orc:1)
  2 thrashing horrors (Lair:5)
  Nergalle (D:10)
  A fire crab (shapeshifter) (D:13)
  A skeletal warrior (D:15)
  2 sea snakes
  A sun moth (Spider:2)
  2 deep trolls (D:15)
  3 orb spiders
  2 wizards
  A deep elf zephyrmancer (D:15)
  2 necromancers (D:15)
  5 wolf spider zombies (Spider:1)
  5 spectral wolf spiders (Spider:1)
  5 harpies
  5 orc knights
  3 deep elf pyromancers
  18 wolf spiders
  4 steelbarb worms
  9 orc sorcerers
  A moth of wrath (Spider:2)
  9 fauns
  9 ugly things
  11 manticores
  3 cyclopes
  2 large abominations (Lair:5)
  Maurice (D:12)
  13 elephants
  A merfolk siren (Shoals:1)
  2 black mambas (Lair:5)
  4 water nymphs
  Joseph (D:10)
  2 smoke demons (Lair:5)
  18 demonic crawlers
  7 torpor snails
  An unseen horror (D:12)
  3 gargoyles
  6 cane toads
  3 freezing wraiths
  2 kobold demonologists
  4 yaktaurs (D:13)
  Psyche (D:12)
  2 efreet
  5 rime drakes (Lair:5)
  9 komodo dragons
  2 ancient zymes (Lair:5)
  A queen bee (Lair:2)
  14 trolls
  A queen bee (shapeshifter) (D:15)
  A wind drake (Shoals:3)
  2 meliai
  13 merfolk
  Prince Ribbit (D:6)
  2 tarantellas (shapeshifter)
  19 tarantellas
  A wind drake (shapeshifter) (Lair:5)
  5 polar bears
  6 dream sheep
  7 wolf spider simulacra (Spider:1)
  8 snapping turtles
  11 blink frogs (Lair:5)
  17 jumping spiders
  4 water elementals
  16 slime creatures
  2 spriggans (Lair:5)
  Sigmund (D:5)
  2 ynoxinuls (Lair:5)
  3 air elementals
  17 culicivoras
  6 wyverns
  3 wraiths
  2 shadows
  3 vampires
  35 yaks
  5 basilisks
  28 redbacks
  14 small abominations (Lair:5)
  2 steam dragons
  5 wargs
  3 acid dragons
  26 water moccasins
  37 orc warriors
  A black bear (D:5)
  6 ice beasts
  A sky beast (D:7)
  20 wolves
  11 ogres
  3 phantoms
  8 centaurs
  A gnoll sergeant (D:9)
  5 kobold brigands
  9 bullfrogs
  2 elf skeletons (D:4)
  A scorpion (D:4)
  22 wights
  38 killer bees
  10 vampire bats
  An electric eel (Lair:1)
  4 howler monkeys
  4 wolf zombies (Bailey)
  2 crimson imps
  A gnoll bouda (D:6)
  2 hounds
  A human skeleton (D:4)
  24 orc priests
  2 iguanas
  2 sleepcaps (D:5)
  Natasha (twice) (D:3)
  38 orc wizards
  13 gnolls
  A river rat (D:5)
  21 adders
  6 white imps
  2 ufetubi
  2 worms
  5 dart slugs
  75 orcs
  6 ball pythons
  11 bats
  6 endoplasms
  2 giant cockroaches (D:1)
  7 goblins
  16 hobgoblins
  17 jackals
  11 kobolds
  4 quokkas
  5 frilled lizards
  An orc skeleton (D:4)
  21 orc zombies
  4 rats
  2 lurking horrors (Orc:1)
1043 creatures vanquished.

Vanquished Creatures (collateral kills)
  A tengu reaver (D:15)
  2 hydras
  A torpor snail (Lair:5)
  2 cane toads (Lair:3)
  A warg (Orc:2)
7 creatures vanquished.

Vanquished Creatures (others)
  15 fungi
  45 plants
  4 tentacles (Shoals:3)
64 creatures vanquished.

Grand Total: 1114 creatures vanquished

Notes
Turn   | Place    | Note
-------+----------+-------------------------------------------
     0 | D:1      | Arzdou the Gargoyle Ice Elementalist began the quest for
                  | the Orb.
     0 | D:1      | Reached XP level 1. HP: 10/10 MP: 3/3
     1 | D:1      | Noticed an electric eel
   311 | D:1      | Reached XP level 2. HP: 15/15 MP: 3/5
   845 | D:1      | Found a faded altar of an unknown god.
   852 | D:1      | Reached XP level 3. HP: 15/19 MP: 0/6
  1167 | D:1      | Learned a level 3 spell: Frozen Ramparts
  1171 | D:1      | Learned a level 3 spell: Ozocubu's Armour
  1711 | D:2      | Reached skill level 3 in Spellcasting
  1714 | D:2      | Reached XP level 4. HP: 20/24 MP: 3/8
  2141 | D:3      | Learned a level 2 spell: Poisonous Vapours
  2173 | D:3      | Noticed Natasha
  2180 | D:3      | Killed Natasha
  2480 | D:3      | Noticed Natasha
  2493 | D:3      | Killed Natasha
  2494 | D:3      | Reached skill level 1 in Maces & Flails
  2494 | D:3      | Reached XP level 5. HP: 28/28 MP: 2/10
  3131 | D:3      | Reached skill level 1 in Poison Magic
  3264 | D:4      | Found a staircase to the Ecumenical Temple.
  3265 | D:4      | Noticed a phantom
  3304 | D:4      | Killed a phantom
  3305 | D:4      | Reached XP level 6. HP: 21/32 MP: 1/11
  3309 | Temple   | Entered the Ecumenical Temple
  3775 | Temple   | Became a worshipper of Ashenzari the Shackled
  4042 | D:4      | Reached skill level 5 in Ice Magic
  4306 | D:4      | Learned a level 3 spell: Ignite Poison
  4585 | D:4      | Reached skill level 4 in Spellcasting
  4585 | D:4      | Reached XP level 7. HP: 32/37 MP: 2/13
  5174 | D:5      | Entered Level 5 of the Dungeon
  5280 | D:5      | Found a glowing drain.
  5298 | Sewer    | Entered a sewer
  5849 | D:5      | Noticed Sigmund
  5968 | D:5      | Killed Sigmund
  5969 | D:5      | Reached skill level 5 in Spellcasting
  5969 | D:5      | Reached XP level 8. HP: 41/42 MP: 5/16
  6077 | D:5      | Reached skill level 1 in Air Magic
  6863 | D:5      | Reached * piety under Ashenzari
  7055 | D:6      | Reached skill level 1 in Fighting
  7511 | D:6      | Reached ** piety under Ashenzari
  7530 | D:6      | Reached skill level 1 in Fire Magic
  7941 | D:5      | Learned a level 4 spell: Summon Ice Beast
  8039 | D:6      | Noticed Prince Ribbit
  8041 | D:6      | Noticed a wyvern
  8259 | D:6      | Reached XP level 9. HP: 40/49 MP: 12/20
  8275 | D:6      | HP: 2/49 [wight/+1 scimitar of freezing (6)]
  8475 | D:6      | Reached skill level 6 in Spellcasting
  8478 | D:6      | Killed Prince Ribbit
  8869 | D:6      | Reached skill level 5 in Maces & Flails
  9490 | D:6      | Reached skill level 1 in Transmutations
  9490 | D:6      | Reached skill level 5 in Poison Magic
  9784 | D:7      | Learned a level 4 spell: Olgreb's Toxic Radiance
 10345 | D:7      | Found a transporter.
 10348 | D:7      | Noticed a kobold demonologist
 10510 | D:7      | Found a transporter.
 10563 | D:7      | Reached *** piety under Ashenzari
 10779 | D:7      | Found a burning altar of Makhleb.
 10978 | D:7      | Reached skill level 7 in Spellcasting
 10978 | D:7      | Reached XP level 10. HP: 47/56 MP: 21/24
 11478 | D:8      | Found a flagged portal.
 11503 | Bailey   | Entered a bailey
 11904 | Bailey   | Noticed a gargoyle
 11961 | Bailey   | Killed a gargoyle
 12167 | Bailey   | Identified the +2 scale mail of Soulyes {-Tele Str+3 Int+4
                  | SInv}
 13039 | D:8      | Reached skill level 1 in Armour
 13294 | D:8      | Noticed a gargoyle
 13295 | D:8      | Noticed a centaur warrior
 13295 | D:8      | Noticed a two-headed ogre
 13304 | D:8      | Noticed a cyclops
 13304 | D:8      | Noticed a centaur warrior
 13304 | D:8      | Noticed a boulder beetle
 13305 | D:8      | Noticed a centaur warrior
 13936 | D:9      | Found a staircase to the Lair.
 14250 | D:9      | Reached XP level 11. HP: 62/62 MP: 24/25
 14633 | D:9      | Noticed a wizard
 14638 | D:9      | Killed a wizard
 14729 | D:10     | Entered Level 10 of the Dungeon
 14774 | D:10     | Noticed Joseph
 14778 | D:10     | Killed Joseph
 14779 | D:10     | Reached skill level 8 in Spellcasting
 14815 | D:10     | Found Amaclaakk's Jewellery Boutique.
 14849 | D:10     | Noticed Nergalle
 14861 | D:10     | Killed Nergalle
 15174 | D:10     | Reached **** piety under Ashenzari
 15227 | D:10     | Noticed a two-headed ogre
 15235 | D:10     | Killed a two-headed ogre
 15547 | D:11     | Noticed a cyclops
 15549 | D:11     | Killed a cyclops
 15576 | D:11     | Found a runed translucent door.
 15576 | D:11     | Noticed qborf's ghost (journeyman MiFi)
 15858 | D:11     | Identified the Notes on Clay
 16302 | D:11     | Learned a level 5 spell: Freezing Cloud
 16349 | Lair:1   | Entered Level 1 of the Lair of Beasts
 17031 | Lair:1   | Reached skill level 1 in Conjurations
 17072 | Lair:1   | Reached XP level 12. HP: 60/72 MP: 29/29
 17200 | Lair:1   | Reached skill level 1 in Summonings
 17475 | Lair:2   | Noticed a six-headed hydra
 17589 | Lair:2   | Reached skill level 1 in Shields
 17592 | Lair:2   | Reached skill level 9 in Spellcasting
 18972 | Lair:3   | Noticed a death yak
 18972 | Lair:3   | Noticed a four-headed hydra
 18975 | Lair:3   | Noticed a boulder beetle
 19001 | Lair:2   | Killed a six-headed hydra
 19109 | Lair:2   | Found a hole to the Spider Nest.
 19837 | Lair:2   | Reached XP level 13. HP: 68/74 MP: 23/29
 19983 | Lair:2   | Reached skill level 10 in Maces & Flails
 20101 | Lair:2   | Found a staircase to the Shoals.
 20105 | Lair:2   | Reached skill level 10 in Spellcasting
 20108 | Lair:2   | Reached skill level 5 in Conjurations
 20624 | Lair:2   | Identified the staff of conjuration "Tital" {rElec rC+ rN++
                  | Str+3}
 21582 | Lair:3   | Identified the +1 robe "Yceumokh" {rElec rC- rCorr Dex-2}
 21870 | Lair:4   | Learned a level 5 spell: Irradiate
 22119 | D:10     | Bought the ring "Veabla" {Wiz rN+ Str-2 Dex+5} for 665 gold
                  | pieces
 22403 | Lair:4   | Found a stormy altar of Qazlal.
 22838 | Lair:5   | Entered Level 5 of the Lair of Beasts
 22891 | Lair:5   | Found a viscous altar of Jiyva.
 22892 | Lair:5   | Found a staircase to the Slime Pits.
 23316 | Lair:5   | Found the +4 skin of Zhor {*Englaciate rC+++ SInv}
 23448 | Lair:5   | Reached skill level 5 in Summonings
 23458 | Lair:5   | Gained mutation: Your large and strong wings let you fly.
                  | [Gargoyle growth]
 23458 | Lair:5   | Reached XP level 14. HP: 55/83 MP: 27/33
 24132 | Lair:5   | Reached skill level 11 in Spellcasting
 24156 | Lair:5   | Learned a level 6 spell: Eringya's Noxious Bog
 24557 | Lair:5   | Reached skill level 10 in Poison Magic
 24719 | Lair:5   | Reached skill level 5 in Fire Magic
 25078 | Lair:5   | Found a corrupted altar of Lugonu.
 25081 | Lair:5   | Found a one-way gate to the infinite horrors of the Abyss.
 25348 | D:12     | Noticed Psyche
 25352 | D:12     | Killed Psyche
 25553 | D:12     | Noticed Maurice
 25564 | D:12     | Killed Maurice
 25682 | D:12     | Found a staircase to the Orcish Mines.
 25732 | D:12     | Reached ***** piety under Ashenzari
 25807 | D:12     | Learned a level 6 spell: Starburst
 26045 | D:12     | Noticed Fannar
 26052 | D:12     | Killed Fannar
 26895 | D:13     | Reached XP level 15. HP: 89/89 MP: 35/35
 26938 | D:13     | Found a gate to the Vaults.
 28255 | D:14     | Found Itasihall's Weapon Boutique.
 28667 | D:14     | Reached skill level 12 in Spellcasting
 29461 | D:15     | Entered Level 15 of the Dungeon
 30119 | D:15     | Found a staircase to the Depths.
 30419 | D:15     | Noticed a tengu reaver
 30431 | D:15     | Killed a tengu reaver
 30756 | Orc:1    | Entered Level 1 of the Orcish Mines
 30757 | Orc:1    | Noticed Sonja
 30759 | Orc:1    | Killed Sonja
 30888 | Orc:1    | Found a corrupted altar of Lugonu.
 31098 | Orc:2    | Entered Level 2 of the Orcish Mines
 31130 | Orc:1    | Noticed Urug
 31139 | Orc:1    | Killed Urug
 31289 | Orc:2    | Found a staircase to the Elven Halls.
 31439 | Orc:1    | Noticed Gastronok
 31453 | Orc:1    | Killed Gastronok
 31454 | Orc:1    | Reached skill level 13 in Spellcasting
 31454 | Orc:1    | Reached skill level 5 in Transmutations
 31454 | Orc:1    | Reached XP level 16. HP: 92/92 MP: 27/36
 31692 | Orc:2    | Reached skill level 5 in Air Magic
 31876 | Orc:2    | Found Zuchocem's Armour Shop.
 31877 | Orc:2    | Found Iblol's Antique Weapon Shop.
 31878 | Orc:2    | Found Tiehodud's Jewellery Boutique.
 31882 | Orc:2    | Found Oleockob's Antique Weapon Boutique.
 31885 | Orc:2    | Bought a +0 pair of boots for 49 gold pieces
 32805 | Orc:2    | Identified the ring "Kubu" {Fire Dex+3}
 33017 | Orc:2    | Upgraded the game from 0.30-a0-1160-g6e42c06551 to
                  | 0.30-a0-1161-g0704695555
 33243 | Shoals:1 | Entered Level 1 of the Shoals
 33437 | Shoals:1 | Found a runed translucent door.
 33438 | Shoals:1 | Found a shimmering altar of Xom.
 33438 | Shoals:1 | Noticed Yjinump's ghost (journeyman MfMo)
 34557 | Shoals:2 | Found Gauloh's Book Shop.
 34564 | Shoals:2 | Bought a book of Ice for 1000 gold pieces
 35126 | Shoals:3 | Noticed a titan
 35216 | Shoals:3 | Killed a titan
 35377 | Shoals:3 | Noticed a kraken
 35386 | Shoals:3 | Killed a kraken
 36075 | Shoals:3 | Learned a level 7 spell: Ozocubu's Refrigeration
 36097 | Shoals:3 | Found Nutagise's Antique Armour Shop.
 36100 | Shoals:3 | Bought a pair of runed gloves for 135 gold pieces
 36132 | Shoals:4 | Entered Level 4 of the Shoals
 36160 | Shoals:4 | Paralysed by an air elemental for 1 turns
 36166 | Shoals:4 | Paralysed by an air elemental for 1 turns
 36169 | Shoals:4 | Paralysed by an air elemental for 1 turns
 36284 | Shoals:3 | Paralysed by an air elemental for 1 turns
 36555 | Shoals:4 | Reached skill level 14 in Spellcasting
 36671 | Shoals:4 | Reached skill level 10 in Ice Magic
 36778 | Spider:1 | Entered Level 1 of the Spider Nest
 36796 | Lair:2   | Reached XP level 17. HP: 70/99 MP: 2/40
 37647 | Spider:1 | Reached skill level 5 in Dodging
 37818 | Spider:1 | Noticed Jorgrun
 37833 | Spider:1 | Killed Jorgrun
 40495 | Spider:2 | Reached skill level 10 in Summonings
 40908 | Spider:2 | Reached XP level 18. HP: 105/105 MP: 17/41
 41273 | Spider:3 | Identified Roxanne's Cyclopedia of the Quarry
 41273 | Spider:3 | Noticed Roxanne
 41415 | Spider:3 | Killed from afar by Roxanne

Illustrated notes

Levels and vault maps discovered:
D:1:      arrival_aquarium_a, layout_loops_corners,
          hellmonk_ecumenical_altar_pennies_from_heaven
D:2:      layout_loops_ring
D:3:      layout_loops_cross, nrook_campfire, uniq_natasha
D:4:      layout_rooms, temple_green, nicolae_ossuary_entry_catacombs,
          abandoned_shop
D:5:      layout_loops_ring, cheibrodos_sewer_entry_sluice,
          hangedman_decor_riveting, sigmund_army, uniq_menkaure
D:6:      layout_cave_pods, uniq_prince_ribbit1
D:7:      gammafunk_wand_slinger, layout_gridville, makhleb_grotto_becter,
          lightli_minifort
D:8:      layout_loops_cross, enter_bailey_3, minivault_12
D:9:      layout_irregular_city, lair_entry_dummy, lightli_wizard_tower
D:10:     layout_cave_pools, serial_shops, shop, uniq_nergalle, uniq_joseph
D:11:     layout_loops_ring, hellmonk_ghost_big_iron
D:12:     layout_roguey, orc_0_dummy, minmay_joined_circles, uniq_psyche,
          uniq_maurice, uniq_fannar
D:13:     layout_layer_cave, hangedman_vaults_entry_quadrant_bands
D:14:     layout_irregular_city, serial_shops, shop, hangedman_decor_lopped
D:15:     hangedman_depths_entry_civil_slaughter, layout_rooms,
          minmay_three_doors
Temple:   mainiacjoe_temple_trianglar_array
Lair:1:   lemuel_reptile_caves, layout_small_grid
Lair:2:   layout_small_grid, minmay_shoals_entry_hut,
          hellmonk_spider_entry_not_the_bees, special_room [special_room_bee],
          st_stairs_12, chequers_serial_rivers_micro_b,
          nicolae_quartered_pool_little, roderic_batcave, ice2_lemuel
Lair:3:   nzn_winding_woodlands_small [nzn_winding_woodlands_5x15_sidewinder,
          nzn_winding_woodlands_center_triple_pond,
          nzn_winding_woodlands_5x15_river_crossing], layout_long_grid,
          dreamdust_deal_with_the_devil
Lair:4:   layout_long_grid, basic_altar
Lair:5:   hellmonk_lair_end_abyssal_woods, layout_loops_ring, slime_entry_1,
          hellmonk_guarded_unrand_zhor
Shoals:1: layout_shoals, ebering_ghost_xom
Shoals:2: layout_shoals, nicolae_shoals_c_island
Shoals:3: cheibrodos_shoals_gigantism, layout_shoals, serial_shops,
          nicolae_shop_tiny_real_fake_doors
Shoals:4: shoals_end_hellmonk_storm_palace [storm_palace_center_ruins,
          storm_palace_corner_narrow, storm_palace_corner_blocked,
          storm_palace_corner_reverse_hut, storm_palace_corner_altar],
          uniq_bai_suzhen
Spider:1: layout_chambers, nicolae_spider_undead_wolf_pack, uniq_jorgrun
Spider:2: nicolae_spider_hilbert_zone_1 [nicolae_spider_hilbert_4_sides_1_open,
          nicolae_spider_hilbert_4_sides_1_open,
          nicolae_spider_hilbert_4_sides_1_open,
          nicolae_spider_hilbert_4_sides_1_open,
          nicolae_spider_hilbert_3_sides_1_open,
          nicolae_spider_hilbert_3_sides_1_open,
          nicolae_spider_hilbert_3_sides_1_open,
          nicolae_spider_hilbert_3_sides_1_open,
          nicolae_spider_hilbert_3_sides_1_open,
          nicolae_spider_hilbert_6_sides_1_open,
          nicolae_spider_hilbert_6_sides_1_open,
          nicolae_spider_hilbert_3_sides_1_open,
          nicolae_spider_hilbert_3_sides_1_open,
          nicolae_spider_hilbert_3_sides_1_open,
          nicolae_spider_hilbert_3_sides_1_open,
          nicolae_spider_hilbert_2_sides_1_open], nicolae_crawler_farm
Spider:3: layout_spider_delve, uniq_roxanne
Orc:1:    layout_caves, amcnicky_altar_lugonu_corruption, uniq_urug, uniq_sonja,
          uniq_gastronok
Orc:2:    st_orc_mages, layout_caves, minmay_orc_treasury

Skill      XL: |  1  2  3  4  5  6  7  8  9 10 11 12 13 14 15 16 17 |
---------------+----------------------------------------------------+-----
Spellcasting   | 3 4 5 7 8 9 10 11 13 14 | 14.8
Dodging        | 2 3 4 5 |  5.5
Maces & Flails | 1 2 3 4 6 7 9 10 | 10.4
Poison Magic   | 1 2 4 5 7 8 9 10 11 12 13 | 13.3
Ice Magic      | 5 6 7 8 9 10 11 | 11.2
Air Magic      | 1 2 3 4 5 |  5.8
Fighting       | 1 2 3 4 |  4.6
Fire Magic     | 1 2 3 4 5 6 7 |  7.7
Transmutations | 1 2 3 4 5 |  5.9
Stealth        | 3 4 |  4.5
Armour         | 2 |  2.8
Conjurations   | 1 4 6 8 9 |  9.6
Summonings     | 3 5 6 7 9 10 | 10.1
Shields        | 1 2 4 |  4.2

Action                     |  1- 3 |  4- 6 |  7- 9 | 10-12 | 13-15 | 16-18 || total
---------------------------+-------+-------+-------+-------+-------+-------++-------
  Melee: Unarmed           |     2 |       |       |       |       |       ||     2
         Whip              |    14 |   134 |   168 |       |       |       ||   316
         Punch             |       |     2 |     4 |     4 |       |       ||    10
         Flail             |       |       |    55 |   427 |    96 |   163 ||   741
   Cast: Freeze            |    51 |    39 |    26 |    49 |    31 |       ||   196
         Frozen Ramparts   |     2 |    17 |    26 |    21 |    15 |     6 ||    87
         Poisonous Vapours |       |    19 |    63 |    61 |   137 |   182 ||   462
         Ozocubu's Armour  |       |     7 |    31 |    42 |    20 |    19 ||   119
         Ignite Poison     |       |       |    31 |    88 |   155 |   213 ||   487
         Olgreb's Toxic Ra |       |       |     1 |    41 |    47 |    86 ||   175
         Summon Ice Beast  |       |       |     1 |     1 |    14 |     6 ||    22
         Freezing Cloud    |       |       |       |       |    89 |    57 ||   146
         Eringya's Noxious |       |       |       |       |     4 |       ||     4
         Starburst         |       |       |       |       |    14 |    61 ||    75
         Irradiate         |       |       |       |       |     2 |       ||     2
         Ozocubu's Refrige |       |       |       |       |       |    13 ||    13
 Invoke: Curse Item        |       |       |     5 |     3 |     5 |     3 ||    16
         Shatter the Chain |       |       |       |     3 |     3 |     2 ||     8
    Use: Scroll            |       |     3 |    10 |     3 |     1 |     1 ||    18
         Potion            |       |       |     3 |     9 |     1 |     1 ||    14
   Stab: Sleeping          |       |       |       |     4 |       |       ||     4
         Distracted        |       |       |       |       |       |     1 ||     1
 Armour: Robe              |    22 |    71 |   117 |     9 |       |       ||   219
         Leather armour    |       |       |       |   306 |    36 |       ||   342
         Animal skin       |       |       |       |       |    78 |   206 ||   284
  Dodge: Dodged            |    28 |    92 |   204 |   352 |   139 |   189 ||  1004
  Block: Buckler           |       |       |       |   169 |    59 |     7 ||   235
         Reflection        |       |       |       |     5 |       |       ||     5
         Kite shield       |       |       |       |       |       |   339 ||   339

Table legend: (Time is in decaauts)
 A = Elapsed time spent in this place.
 B = Non-inter-level travel time spent in this place.
 C = Inter-level travel time spent in this place.
 D = Time resting spent in this place.
 E = Time spent auto-exploring this place.
 F = Levels seen in this place.
 G = Mean time per level.
                   A        B        C        D        E       F      G
               +--------+--------+--------+--------+--------+-----+--------+
         Total |  41489 |  38877 |   2612 |   3077 |  27869 |  32 | 1296.5 |
       Dungeon |  19897 |  18487 |   1410 |    958 |  13956 |  15 | 1326.5 |
        Temple |    497 |    439 |     58 |      0 |    435 |   1 |  497.0 |
          Lair |   9265 |   8480 |    785 |   1079 |   5764 |   5 | 1853.0 |
        Shoals |   3501 |   3384 |    117 |    226 |   2651 |   4 |  875.2 |
   Spider Nest |   4487 |   4361 |    126 |    528 |   2696 |   3 | 1495.7 |
  Orcish Mines |   2354 |   2240 |    114 |     34 |   1644 |   2 | 1177.0 |
         Sewer |    260 |    260 |      0 |     35 |    173 |   1 |  260.0 |
        Bailey |   1225 |   1225 |      0 |    217 |    549 |   1 | 1225.0 |
               +--------+--------+--------+--------+--------+-----+--------+

Top non-repeatable levels by time:
  Lair:2: 2699 daAuts
  Lair:5: 2353 daAuts
Spider:1: 2295 daAuts
     D:6: 2195 daAuts
     D:5: 2019 daAuts
  Lair:1: 1941 daAuts
Spider:2: 1807 daAuts
   Orc:2: 1602 daAuts
Shoals:3: 1597 daAuts
     D:4: 1582 daAuts
    D:13: 1570 daAuts
     D:7: 1544 daAuts
  Lair:3: 1374 daAuts
     D:8: 1269 daAuts
    D:15: 1240 daAuts
